[Event "Titled Tuesday Blitz March 01 Early 2022"]
[White "Roberson, Peter T"]
[Black "Vlassov, Nikolai"]
[WhiteFideId "412384"]
[BlackFideId "4103360"]
[WhiteElo "2346"]
[BlackElo "2407"]
[Result "1-0"]
[Round "08"]
[TimeControl "180+1"]
[Date "2022.03.01"]
[WhiteClock "0:00:08"]
[BlackClock "0:00:02"]

1. e4 Nc6 2. Nf3 d5 3. exd5 Qxd5 4. Nc3 Qa5 5. Bb5 Bd7 6. O-O a6 7. Bxc6 Bxc6 8. Re1 Qh5 9. Ne5 Qxd1 10. Rxd1 e6 11. Nxc6 bxc6 12. d3 Bd6 13. Ne4 Ne7 14. Bd2 Nf5 15. Bc3 h5 16. Re1 Kd7 17. Re2 Rhb8 18. Ng5 Ke7 19. Rae1 Bb4 20. Bxb4+ Rxb4 21. b3 a5 22. a4 Rg4 23. Nf3 Nd4 24. Nxd4 Rxd4 25. Re5 Rd5 26. f3 Kd6 27. R5e4 Rb8 28. Kf2 c5 29. h4 Rb4 30. Ke3 e5 31. Rc4 Rd4 32. g3 f5 33. Kd2 Rbxc4 34. bxc4 Ke6 35. f4 e4 36. Rb1 exd3 37. cxd3 c6 38. Rb6 Kd7 39. Rb7+ Ke6 40. Rxg7 Rd8 41. Rg6+ Kd7 42. Rg5 Rb8 43. Rxf5 Rb4 44. Rxc5 Rxa4 45. Rxh5 Ra2+ 46. Ke3 a4 47. Ra5 a3 48. Kd4 Ra1 49. h5 a2 50. h6 1-0


[Site "https://www.chess.com"]

[Event "Titled Tuesday Blitz March 01 Early 2022"]
[White "Rodchenkov, Vitaly"]
[Black "Vusatiuk, Vladimir"]
[WhiteFideId "4152964"]
[BlackFideId "14118610"]
[WhiteElo "2337"]
[BlackElo "2157"]
[Result "1-0"]
[Round "08"]
[TimeControl "180+1"]
[Date "2022.03.01"]
[WhiteClock "0:00:44"]
[BlackClock "0:00:01"]

1. Nf3 g5 2. Nxg5 e5 3. d4 Be7 4. h4 h6 5. Nf3 e4 6. Ne5 d6 7. Nc4 Bxh4 8. Nc3 d5 9. Ne3 c6 10. g3 Bg5 11. Ng2 Bxc1 12. Qxc1 Be6 13. Nf4 Qf6 14. e3 Nd7 15. b3 Ne7 16. Qa3 Ng6 17. Nce2 Bg4 18. O-O-O Nxf4 19. gxf4 h5 20. Re1 h4 21. Bh3 Bxh3 22. Rxh3 a6 23. Reh1 O-O-O 24. Nc3 Rdg8 25. R3h2 Rh6 26. Na4 Rgh8 27. Nc5 h3 28. Nxd7 Kxd7 29. Qb4 Kc8 30. Kb2 Qf5 31. a4 Qg4 32. a5 Qd7 33. Qc5 Rg8 34. Qa7 Rgh8 35. Qc5 Rg6 36. Qa7 Rhh6 37. Qa8+ Kc7 38. Qf8 Rh7 39. Rxh3 Rxh3 40. Rxh3 Rf6 41. Rh8 Re6 42. Qb8# 1-0


[Site "https://www.chess.com"]

[Event "Titled Tuesday Blitz March 01 Early 2022"]
[White "Romanchuk, Viktor"]
[Black "Jarocka, Liwia"]
[WhiteFideId "14109271"]
[BlackFideId "21807558"]
[WhiteElo "2242"]
[BlackElo "1896"]
[Result "1-0"]
[Round "08"]
[TimeControl "180+1"]
[Date "2022.03.01"]
[WhiteClock "0:00:52"]
[BlackClock "0:00:58"]

1. d4 e6 2. c4 c5 3. d5 exd5 4. cxd5 Nf6 5. Nc3 d6 6. e4 g6 7. f4 Bg7 8. Nf3 O-O 9. Be2 Bg4 10. O-O Re8 11. h3 Bxf3 12. Bxf3 Nfd7 13. g4 Na6 14. Nb5 Nf6 15. Re1 Nc7 16. Nxc7 Qxc7 17. e5 Nd7 18. e6 Nb6 19. f5 Kh8 20. Kg2 Qe7 21. Qc2 Qf6 22. Bf4 Rad8 23. Rab1 Qd4 24. Qd2 fxe6 25. Qxd4 cxd4 26. dxe6 d5 27. Bg5 Rc8 28. f6 Rc2+ 29. Kg3 Bf8 30. e7 h6 31. f7 1-0


[Site "https://www.chess.com"]

[Event "Titled Tuesday Blitz March 01 Early 2022"]
[White "Rudzinska, Michalina"]
[Black "Moskvin, Anatoly"]
[WhiteFideId "1172883"]
[BlackFideId "24199990"]
[WhiteElo "1904"]
[BlackElo "2079"]
[Result "1-0"]
[Round "08"]
[TimeControl "180+1"]
[Date "2022.03.01"]
[WhiteClock "0:00:06"]
[BlackClock "0:00:02"]

1. e4 e5 2. Nf3 Nc6 3. Bb5 Nge7 4. c3 a6 5. Ba4 d6 6. d4 Bd7 7. d5 Nb8 8. O-O Ng6 9. c4 h6 10. b4 a5 11. Bxd7+ Nxd7 12. bxa5 Be7 13. Bd2 Bg5 14. Nxg5 hxg5 15. Qg4 Nf4 16. Bxf4 exf4 17. Nd2 Ne5 18. Qe2 g4 19. g3 f3 20. Qe3 Rxa5 21. Nb3 Ra3 22. c5 g5 23. cxd6 cxd6 24. Rac1 Ra8 25. Nd4 Qf6 26. Nf5 Rxh2 27. Kxh2 Qh8+ 28. Nh4 gxh4 29. Rh1 Ke7 30. Rc7+ Kd8 31. Rcc1 Ra6 32. Qg5+ f6 33. Qxh4 Qxh4+ 34. gxh4 Rxa2 35. Kg3 Ke7 36. Rc7+ Kd8 37. Rxb7 Nd3 38. Kxg4 Rxf2 39. h5 Ne5+ 40. Kf5 Rg2 41. h6 Rg8 42. h7 Rh8 43. Rb8+ 1-0


[Site "https://www.chess.com"]

[Event "Titled Tuesday Blitz March 01 Early 2022"]
[White "Sahin, Handenur"]
[Black "Tymrakiewicz, Rafal"]
[WhiteFideId "6334865"]
[BlackFideId "1108832"]
[WhiteElo "2199"]
[BlackElo "2205"]
[Result "0-1"]
[Round "08"]
[TimeControl "180+1"]
[Date "2022.03.01"]
[WhiteClock "0:00:09"]
[BlackClock "0:00:58"]

1. e4 c6 2. d4 d5 3. exd5 cxd5 4. c4 Nf6 5. Nc3 g6 6. cxd5 Bg7 7. Qb3 O-O 8. Nge2 b5 9. a3 a6 10. g3 Bb7 11. Bg2 Nbd7 12. O-O Nb6 13. Nf4 Qd7 14. h4 Rfd8 15. Re1 Rab8 16. Qb4 Nbxd5 17. Nfxd5 Nxd5 18. Nxd5 Bxd5 19. Rxe7 Qc6 20. Bxd5 Qxd5 21. Be3 Bf8 22. Rc1 Rb7 23. Rxb7 Bxb4 24. Rcc7 Ba5 25. Re7 Bb6 26. Rxb6 Rc8 27. Rbb7 Kg7 28. Rxf7+ Qxf7 29. Bh6+ Kg8 30. Rxf7 Kxf7 31. Bd2 Ke6 32. Kg2 Kd5 33. Bc3 Ke4 34. f3+ Ke3 35. g4 h5 36. g5 Rd8 37. Kg3 Rd5 38. f4 Rf5 39. Bb4 Kxd4 40. Bd6 Rd5 41. Be5+ Ke4 42. Bf6 Rd3+ 43. Kf2 Kxf4 44. Be7 Kg4 45. Ke2 Rh3 0-1


[Site "https://www.chess.com"]

[Event "Titled Tuesday Blitz March 01 Early 2022"]
[White "Samadov, Read"]
[Black "Silva, Miguel Antonio Neto"]
[WhiteFideId "13417444"]
[BlackFideId "1911929"]
[WhiteElo "2084"]
[BlackElo "2204"]
[Result "0-1"]
[Round "08"]
[TimeControl "180+1"]
[Date "2022.03.01"]
[WhiteClock "0:00:04"]
[BlackClock "0:00:39"]

1. d4 Nf6 2. c4 e6 3. Nf3 d5 4. g3 Be7 5. Bg2 O-O 6. O-O dxc4 7. Qc2 a6 8. a4 Bd7 9. Qxc4 Bc6 10. Bg5 Nbd7 11. Nc3 a5 12. Rfd1 h6 13. Bxf6 Nxf6 14. Rac1 Bb4 15. Nb5 Bxf3 16. Bxf3 c6 17. Nc3 Qb6 18. e3 Rfd8 19. Kg2 Rd7 20. h4 Rad8 21. h5 Rc8 22. Qe2 Rcd8 23. Ne4 Be7 24. Nxf6+ Bxf6 25. Be4 e5 26. dxe5 Rxd1 27. Rxd1 Rxd1 28. Qxd1 Bxe5 29. Qd7 Kf8 30. b3 Qc7 31. Qf5 Bf6 32. Bd3 Qd6 33. Bc4 Ke7 34. Qc8 Qd7 35. Qb8 Bc3 36. Qf4 Bf6 37. Qb8 Bc3 38. e4 f6 39. Qg8 Kd6 40. Qb8+ Kc5 41. Qa7+ Kb4 42. Qb6+ Ka3 43. Qc5+ Bb4 44. Qe3 Qd2 45. Qb6 Kb2 46. Kf3 Bc3 0-1


[Site "https://www.chess.com"]

[Event "Titled Tuesday Blitz March 01 Early 2022"]
[White "Samant Aditya S"]
[Black "Janaszak, Dawid"]
[WhiteFideId "35080580"]
[BlackFideId "1119206"]
[WhiteElo "1916"]
[BlackElo "2199"]
[Result "1-0"]
[Round "08"]
[TimeControl "180+1"]
[Date "2022.03.01"]
[WhiteClock "0:00:06"]
[BlackClock "0:00:09"]

1. d4 Nf6 2. c4 g6 3. Nc3 Bg7 4. e4 d6 5. Nf3 O-O 6. h3 e5 7. d5 Nbd7 8. Be3 Nh5 9. g3 f5 10. exf5 gxf5 11. Nh4 Nf4 12. Qc2 Nc5 13. O-O-O Ng6 14. Nxg6 hxg6 15. g4 a5 16. Rg1 e4 17. gxf5 Bxf5 18. Be2 Nd3+ 19. Kb1 b5 20. cxb5 Qf6 21. a3 Rab8 22. h4 Qxh4 23. f3 Nc5 24. Bxc5 dxc5 25. fxe4 Bh3 26. Rxg6 Kh7 27. Rgg1 Rf2 28. e5+ Bf5 29. Bd3 Rxc2 30. Bxf5+ Kg8 31. Bxc2 Rf8 32. Rg2 Rf7 33. d6 cxd6 34. exd6 Qh3 35. Rgd2 Rd7 36. Bb3+ c4 37. Bxc4+ Kh7 38. Rd3 Qh4 39. Be6 Rd8 40. Rh3 Qxh3 41. Bxh3 Kg6 42. Bg2 Kf6 43. Ne4+ Ke5 44. Nc5 Bh6 45. Nb7 Rd7 46. Bc6 Rd8 47. d7 1-0


[Site "https://www.chess.com"]

[Event "Titled Tuesday Blitz March 01 Early 2022"]
[White "Samunenkov, Ihor"]
[Black "Kushko, Dmitriy"]
[WhiteFideId "14187086"]
[BlackFideId "14162261"]
[WhiteElo "2406"]
[BlackElo "2225"]
[Result "1-0"]
[Round "08"]
[TimeControl "180+1"]
[Date "2022.03.01"]
[WhiteClock "0:00:03"]
[BlackClock "0:00:03"]

1. d4 g6 2. c4 Bg7 3. Nc3 Nf6 4. e4 d6 5. h3 O-O 6. Bg5 c5 7. d5 a6 8. Nf3 Qa5 9. Bd2 e6 10. Be2 Qc7 11. O-O exd5 12. exd5 Re8 13. Bd3 Nbd7 14. Qc2 b5 15. cxb5 Nb6 16. bxa6 c4 17. Be2 Bxa6 18. Nd4 Nfxd5 19. Nxd5 Nxd5 20. Bf3 Bb7 21. Nb5 Qc5 22. a4 Rac8 23. Rfe1 Rxe1+ 24. Rxe1 Ba6 25. Bxd5 Bxb5 26. Bxf7+ Kxf7 27. axb5 Qxb5 28. Bc3 Bxc3 29. Qxc3 Re8 30. Ra1 Qd5 31. Ra7+ Re7 32. Ra4 Qd1+ 33. Kh2 Qxa4 34. Qf3+ Kg7 35. Qc3+ Kf7 36. Qf3+ Ke8 37. Qd5 Qa7 38. Qg8+ Kd7 39. Qxc4 Qc5 40. Qa4+ Ke6 41. Qg4+ Qf5 42. Qc4+ Qd5 43. Qg4+ Kf6 44. Qf4+ Qf5 45. Qxd6+ Kf7 46. f4 Qe6 47. Qd4 Qf5 48. b4 Qe4 49. Qd6 Re6 50. Qd7+ Kf6 51. Qd8+ Kg7 52. Qd7+ Kh6 53. Qc7 1-0


[Site "https://www.chess.com"]

[Event "Titled Tuesday Blitz March 01 Early 2022"]
[White "Sarana, Alexey"]
[Black "Murzin, Volodar"]
[WhiteFideId "24133795"]
[BlackFideId "44155573"]
[WhiteElo "2962"]
[BlackElo "2749"]
[Result "1-0"]
[Round "08"]
[TimeControl "180+1"]
[Date "2022.03.01"]
[WhiteClock "0:00:48"]
[BlackClock "0:00:01"]

1. d4 d5 2. c4 c6 3. Nf3 Nf6 4. Nc3 e6 5. e3 Nbd7 6. Qc2 b6 7. Bd3 Bb7 8. O-O Bd6 9. b3 O-O 10. Bb2 Qc7 11. Rac1 Rae8 12. cxd5 exd5 13. Nb5 Qb8 14. Nxd6 Qxd6 15. Ne5 g6 16. Qe2 Rc8 17. Qf3 c5 18. Qf4 Nh5 19. Qh6 Nxe5 20. dxe5 Qc6 21. f4 d4 22. e4 Rcd8 23. g4 Ng7 24. f5 Qc7 25. e6 Nxe6 26. fxe6 fxe6 27. Rce1 Qe5 28. Bc1 Rxf1+ 29. Rxf1 Bc6 30. Bg5 1-0


[Site "https://www.chess.com"]

[Event "Titled Tuesday Blitz March 01 Early 2022"]
[White "Sargsyan, Anna M."]
[Black "Panesar Vedant"]
[WhiteFideId "13308130"]
[BlackFideId "35033018"]
[WhiteElo "2271"]
[BlackElo "1971"]
[Result "1/2-1/2"]
[Round "08"]
[TimeControl "180+1"]
[Date "2022.03.01"]
[WhiteClock "0:00:10"]
[BlackClock "0:00:12"]

1. d4 Nf6 2. c4 e6 3. Nf3 d5 4. Nc3 Bb4 5. Bg5 h6 6. Bxf6 Qxf6 7. e3 O-O 8. cxd5 exd5 9. Bd3 c6 10. O-O Bg4 11. h3 Bh5 12. a3 Bd6 13. Re1 Nd7 14. g4 Bg6 15. Kg2 Bxd3 16. Qxd3 Rfe8 17. Rh1 Nb6 18. b3 Bf8 19. Rag1 Bxa3 20. h4 Qe6 21. Kf1 g6 22. h5 g5 23. Ne5 Nd7 24. f4 Bb4 25. Ne2 a5 26. Rh3 a4 27. bxa4 Rxa4 28. Nxd7 Qxd7 29. fxg5 Ra1+ 30. Kf2 Rxg1 31. Nxg1 hxg5 32. Nf3 Be7 33. Ne5 Qe6 34. h6 Bf6 35. h7+ Kh8 36. Rh6 Qe7 37. Qf5 Bxe5 38. dxe5 b5 39. Rxc6 b4 40. Rb6 Ra8 41. Qf6+ Qxf6+ 42. exf6 Kxh7 43. Rxb4 Kg6 44. Rb6 Ra4 45. Kf3 Re4 46. Rd6 Re5 47. Kf2 Re4 48. Kf3 Re5 49. Kf2 Re6 50. Rxd5 Kxf6 51. Rf5+ Kg6 52. Kf3 Ra6 53. Rd5 Ra3 54. Rc5 Ra4 55. Rb5 Kg7 56. Rxg5+ Kf6 57. Rf5+ Kg6 58. Rb5 Rc4 59. Rb6+ Kg5 60. Rb5+ Kg6 61. e4 Rc3+ 62. Kf4 Rc1 63. Rb6+ Kg7 64. e5 Rf1+ 65. Kg5 Re1 66. Rb5 Re2 67. Kf5 Rf2+ 68. Kg5 Re2 69. Kf4 Re1 70. Rb7 Kg6 71. Rb6+ Kg7 72. e6 fxe6 73. Kg5 Re5+ 74. Kf4 Re1 75. Kg5 Re5+ 76. Kf4 Re1 1/2-1/2


[Site "https://www.chess.com"]

[Event "Titled Tuesday Blitz March 01 Early 2022"]
[White "Sarkar, Justin"]
[Black "Kejzar, Petra"]
[WhiteFideId "2010011"]
[BlackFideId "14610213"]
[WhiteElo "2038"]
[BlackElo "2006"]
[Result "1-0"]
[Round "08"]
[TimeControl "180+1"]
[Date "2022.03.01"]
[WhiteClock "0:00:07"]
[BlackClock "0:00:38"]

1. d4 Nf6 2. c4 e6 3. Nc3 Bb4 4. a3 Bxc3+ 5. bxc3 O-O 6. e3 c5 7. Bd3 Nc6 8. Ne2 b6 9. e4 d6 10. O-O Ba6 11. f4 Na5 12. e5 dxe5 13. fxe5 Ng4 14. h3 Nxe5 15. dxe5 Bxc4 16. Bxc4 Nxc4 17. Bf4 Qc7 18. Qd3 b5 19. Qg3 Rfd8 20. a4 Nd2 21. Bh6 f5 22. Bxd2 Rxd2 23. Qe3 Rad8 24. Nf4 Qb7 25. axb5 R8d3 26. Qxd3 Rxd3 27. Nxd3 Qxb5 28. Nf4 Qb6 29. Rad1 c4+ 30. Kh1 g5 31. Nh5 a5 32. Rd7 Qc6 33. Nf6+ Kf8 34. Nxh7+ Ke8 35. Nf6+ Kf8 36. Rb1 1-0


[Site "https://www.chess.com"]

[Event "Titled Tuesday Blitz March 01 Early 2022"]
[White "Savchenko, Boris"]
[Black "Van Foreest, Jorden"]
[WhiteFideId "4147332"]
[BlackFideId "1039784"]
[WhiteElo "2857"]
[BlackElo "2990"]
[Result "0-1"]
[Round "08"]
[TimeControl "180+1"]
[Date "2022.03.01"]
[WhiteClock "0:00:02"]
[BlackClock "0:01:10"]

1. Nf3 c6 2. g3 d5 3. Bg2 g6 4. c4 Bg7 5. O-O Nf6 6. Qa4 O-O 7. d4 Nbd7 8. cxd5 Nb6 9. Qd1 cxd5 10. a4 Bf5 11. Nc3 Rc8 12. Ne5 Nc4 13. Qb3 Na5 14. Qb4 Nc6 15. Nxc6 bxc6 16. a5 h5 17. Bf4 h4 18. gxh4 Nh5 19. Be5 c5 20. Qb7 Bxe5 21. dxe5 e6 22. e4 Rc7 23. Qa6 dxe4 24. Nxe4 Bxe4 25. Bxe4 Qxh4 26. Rfe1 Nf4 27. Qd6 Nh3+ 28. Kg2 Qxf2+ 29. Kxh3 Kg7 30. Qxf8+ Kxf8 31. a6 c4 32. Kg4 c3 33. bxc3 Rxc3 34. Rac1 Rxc1 35. Rxc1 Qe2+ 36. Bf3 Qxe5 37. h4 Kg7 38. Bb7 f5+ 39. Kf3 Qh2 40. Rc8 Qxh4 41. Rc7+ Kf6 42. Bc8 Qh3+ 43. Ke2 Qh2+ 0-1


[Site "https://www.chess.com"]

[Event "Titled Tuesday Blitz March 01 Early 2022"]
[White "Selkirk, Rebecca"]
[Black "Golubka, Petro"]
[WhiteFideId "14306514"]
[BlackFideId "14114224"]
[WhiteElo "1649"]
[BlackElo "2392"]
[Result "0-1"]
[Round "08"]
[TimeControl "180+1"]
[Date "2022.03.01"]
[WhiteClock "0:01:28"]
[BlackClock "0:00:22"]

1. e4 e5 2. Nf3 Nc6 3. Bb5 Nge7 4. c3 a6 5. Ba4 Ng6 6. O-O Be7 7. d4 b5 8. Bc2 O-O 9. dxe5 Ncxe5 10. Nxe5 Nxe5 11. f4 Nc4 12. b3 Nb6 13. e5 d5 14. f5 f6 15. e6 c5 16. Bf4 Bb7 17. Nd2 d4 18. cxd4 Nd5 19. Qf3 Nxf4 20. Qxb7 Qxd4+ 21. Kh1 Qxd2 22. Qxe7 Qxg2# 0-1


[Site "https://www.chess.com"]

[Event "Titled Tuesday Blitz March 01 Early 2022"]
[White "Seo, Jung Min"]
[Black "Ponkratov, Pavel"]
[WhiteFideId "1734687"]
[BlackFideId "4157800"]
[WhiteElo "2401"]
[BlackElo "2487"]
[Result "0-1"]
[Round "08"]
[TimeControl "180+1"]
[Date "2022.03.01"]
[WhiteClock "0:01:21"]
[BlackClock "0:01:09"]

1. e4 e6 2. d4 d5 3. exd5 exd5 4. Bd3 Nc6 5. c3 Bd6 6. Qf3 Nf6 7. Bg5 Be7 8. Ne2 h6 9. Bf4 O-O 10. O-O Bg4 11. Qg3 Qd7 12. h3 Bxe2 13. Bxe2 Ne4 14. Qd3 Bd6 15. Bxd6 Qxd6 16. Nd2 Rae8 17. Rae1 f5 18. Bd1 Kh8 19. Ba4 a6 20. Bxc6 Qxc6 21. Nf3 Qb5 22. Qxb5 axb5 23. Ne5 Kh7 24. a3 Nd2 25. Nd7 Rh8 26. Rxe8 Rxe8 27. Rd1 Nc4 28. Kf1 c6 29. Nc5 Nxb2 30. Rb1 Nc4 31. Ra1 b6 32. Nd3 Nd2+ 33. Kg1 Ne4 34. Nb4 Rc8 35. a4 Nxc3 36. axb5 Nxb5 37. Ra6 Nxd4 38. Rxb6 Kg8 39. Kf1 Kf7 40. Ke1 Ke7 41. Kd2 Kd6 42. Kd3 Ne6 43. Na6 Nf4+ 44. Kd4 Nxg2 45. Nc5 Nf4 46. Rb7 Ne2+ 47. Ke3 Re8+ 0-1


[Site "https://www.chess.com"]

[Event "Titled Tuesday Blitz March 01 Early 2022"]
[White "Shafigullina, Zarina"]
[Black "Astasio Lopez, David"]
[WhiteFideId "24174220"]
[BlackFideId "2230208"]
[WhiteElo "2062"]
[BlackElo "2355"]
[Result "0-1"]
[Round "08"]
[TimeControl "180+1"]
[Date "2022.03.01"]
[WhiteClock "0:00:01"]
[BlackClock "0:00:16"]

1. d4 d5 2. Nf3 c6 3. Bf4 Qb6 4. b3 Nf6 5. Nbd2 Nh5 6. Bg3 g6 7. c4 Bg7 8. e3 O-O 9. Bd3 Nd7 10. O-O Re8 11. Rc1 Nxg3 12. hxg3 e6 13. c5 Qa5 14. e4 e5 15. exd5 cxd5 16. Nxe5 Bxe5 17. dxe5 Nxc5 18. Nf3 Bg4 19. Re1 Rad8 20. Qc2 b6 21. a4 Qb4 22. Bb5 Re7 23. Qc3 Qxb3 24. Nd4 Qxc3 25. Rxc3 Bd7 26. Bxd7 Rexd7 27. a5 Rb8 28. axb6 axb6 29. e6 fxe6 30. Nxe6 Nxe6 31. Rxe6 d4 32. Rd3 b5 33. Re4 Rbd8 34. Re5 Rd5 35. Re7 R8d7 36. Re8+ Kg7 37. Rb8 Rc7 38. Kf1 Rc3 39. Rd1 d3 40. f4 Rc2 41. Rb7+ Kf6 42. g4 d2 43. Ke2 h6 44. Rb6+ Kg7 45. Rb7+ Kf8 46. Rb8+ Kf7 47. Rb7+ Ke8 48. Rb6 h5 49. Rxg6 hxg4 50. Rxg4 b4 51. Rg8+ Kf7 52. Rb8 Rd4 53. g3 Rb2 54. Ke3 Rd7 55. g4 Re7+ 56. Kd3 Re1 57. Rxd2 Rb3+ 58. Kc4 Reb1 0-1


[Site "https://www.chess.com"]

[Event "Titled Tuesday Blitz March 01 Early 2022"]
[White "Shuvalov, Evgenij"]
[Black "Miszler, Levente"]
[WhiteFideId "4187237"]
[BlackFideId "763276"]
[WhiteElo "2119"]
[BlackElo "1966"]
[Result "1-0"]
[Round "08"]
[TimeControl "180+1"]
[Date "2022.03.01"]
[WhiteClock "0:01:23"]
[BlackClock "0:00:43"]

1. Nf3 Nc6 2. d4 d5 3. c4 e6 4. Nc3 Nf6 5. Bg5 Be7 6. e3 O-O 7. Rc1 h6 8. Bh4 dxc4 9. Bxc4 Nd5 10. Bg3 Nxc3 11. bxc3 Bf6 12. e4 Re8 13. e5 Be7 14. O-O Na5 15. Bd3 b6 16. Bb1 Bb7 17. Qd3 g6 18. Nd2 c5 19. Ne4 Rc8 20. Nd6 Bxd6 21. exd6 Qd7 22. Rfd1 cxd4 23. Qxd4 Rc4 24. Qf6 Qd8 25. d7 Rf8 26. Be5 Qxf6 27. Bxf6 Nc6 28. d8=Q Nxd8 29. Rxd8 Rxd8 30. Bxd8 Kf8 31. Bf6 Ke8 32. Rd1 Rc8 33. Bc2 Bd5 34. Ba4+ Kf8 35. Bb3 1-0


[Site "https://www.chess.com"]

[Event "Titled Tuesday Blitz March 01 Early 2022"]
[White "Shuvalova, Polina"]
[Black "Tomiello, Mateus Costamilan"]
[WhiteFideId "24171760"]
[BlackFideId "22701958"]
[WhiteElo "2355"]
[BlackElo "1975"]
[Result "1-0"]
[Round "08"]
[TimeControl "180+1"]
[Date "2022.03.01"]
[WhiteClock "0:00:35"]
[BlackClock "0:00:06"]

1. d4 d5 2. Nf3 Nf6 3. Bf4 g6 4. e3 Bg7 5. Nbd2 O-O 6. h4 c5 7. c3 Nc6 8. dxc5 a5 9. a4 Bg4 10. Qb3 e6 11. Bd6 Ne4 12. Bxf8 Bxf8 13. Nxe4 dxe4 14. Nd2 Ne5 15. Nxe4 Nd3+ 16. Bxd3 Qxd3 17. Nf6+ Kg7 18. Nxg4 Bxc5 19. Rd1 Qf5 20. Qc4 h5 21. Nh2 Rc8 22. Qf4 Qc2 23. O-O b6 24. Rd7 Rf8 25. Nf3 Qf5 26. Qxf5 gxf5 27. Rfd1 Kf6 28. Rb7 e5 29. Ng5 e4 30. Rdd7 Ke5 31. Nxf7+ Kf6 32. Ng5 Ke5 33. b4 axb4 34. cxb4 Bxb4 35. Rxb6 Bc5 36. Re6# 1-0


[Site "https://www.chess.com"]

[Event "Titled Tuesday Blitz March 01 Early 2022"]
[White "Shvedova, Alexandra"]
[Black "De Souza, Cristiano Gomes"]
[WhiteFideId "54154782"]
[BlackFideId "2151758"]
[WhiteElo "1920"]
[BlackElo "2068"]
[Result "1-0"]
[Round "08"]
[TimeControl "180+1"]
[Date "2022.03.01"]
[WhiteClock "0:01:18"]
[BlackClock "0:01:39"]

1. e4 c5 2. Ne2 d6 3. g3 g6 4. Bg2 Bg7 5. c3 Nc6 6. d4 cxd4 7. cxd4 e6 8. O-O Nge7 9. Nbc3 O-O 10. Be3 a6 11. Rc1 Bd7 12. Qd2 f5 13. f3 Rc8 14. b3 b6 15. Bh6 b5 16. Bxg7 Kxg7 17. d5 Ne5 18. f4 Ng4 19. Nd4 e5 20. fxe5 dxe5 21. Nf3 Qb6+ 22. Kh1 fxe4 23. Nxe4 Rxc1 24. Rxc1 Nf5 25. Nc5 Bc8 26. b4 Nd4 27. Nxd4 exd4 28. Qxd4+ Kg8 29. d6 Nf2+ 30. Kg1 Bh3 31. Bd5+ 1-0


[Site "https://www.chess.com"]

[Event "Titled Tuesday Blitz March 01 Early 2022"]
[White "Stefanov, Plamen"]
[Black "Devaev, Alexander"]
[WhiteFideId "2900980"]
[BlackFideId "4169395"]
[WhiteElo "2137"]
[BlackElo "2185"]
[Result "0-1"]
[Round "08"]
[TimeControl "180+1"]
[Date "2022.03.01"]
[WhiteClock "0:01:11"]
[BlackClock "0:02:12"]

1. e4 c6 2. d4 d5 3. e5 Bf5 4. Nf3 e6 5. Be2 Nd7 6. h3 h6 7. g4 Bh7 8. O-O Ne7 9. Bd3 Bxd3 10. Qxd3 c5 11. c3 Qb6 12. Nbd2 h5 13. Qe3 hxg4 14. hxg4 Ng6 15. Nb3 Be7 16. Kg2 O-O-O 17. Bd2 Nh4+ 18. Nxh4 Rxh4 19. Qg3 Rdh8 20. Rh1 c4 21. Rxh4 Bxh4 22. Rh1 Bxg3 23. Rxh8+ Kc7 24. Nc5 Nxc5 25. dxc5 Qxb2 26. Be3 Bxe5 27. Rf8 Qxc3 28. Rxf7+ Kc6 29. Re7 d4 30. Rxe6+ Kd5 0-1


[Site "https://www.chess.com"]

[Event "Titled Tuesday Blitz March 01 Early 2022"]
[White "Stepanencu, Nicodim-Cosmin"]
[Black "Hoffmann, Asa"]
[WhiteFideId "1256220"]
[BlackFideId "2001470"]
[WhiteElo "1809"]
[BlackElo "2117"]
[Result "0-1"]
[Round "08"]
[TimeControl "180+1"]
[Date "2022.03.01"]
[WhiteClock "0:00:01"]
[BlackClock "0:00:27"]

1. c4 Nf6 2. Nc3 d6 3. b3 e5 4. Bb2 Be7 5. d4 exd4 6. Qxd4 Nc6 7. Qd2 Bf5 8. f3 O-O 9. e4 Bg6 10. Nge2 a5 11. Nf4 Nd7 12. Ncd5 Bg5 13. Qc3 Nde5 14. Nxg6 fxg6 15. Be2 Ne7 16. Rd1 Nxd5 17. Rxd5 b6 18. O-O Qe7 19. g3 Bf6 20. Qd2 Nd7 21. Ba3 Rae8 22. Bd1 Nc5 23. Bc2 g5 24. Re1 Be5 25. Kg2 Rf7 26. Rf1 Ref8 27. Bd1 Qf6 28. Bc1 h6 29. Qe3 Ne6 30. Bd2 c5 31. Qd3 Bd4 32. Kh1 Qg6 33. Bc2 Nc7 34. Rf5 Rxf5 35. exf5 Qf6 36. f4 g4 37. Qe2 Re8 38. Qxg4 d5 39. Bd3 Kh8 40. Re1 Rd8 41. Qg6 dxc4 42. Bxc4 b5 43. Bxb5 Qxg6 44. Bxa5 Qd6 45. Bc4 Re8 46. Rd1 Re7 47. a4 Qc6+ 0-1


[Site "https://www.chess.com"]

[Event "Titled Tuesday Blitz March 01 Early 2022"]
[White "Suleymanli, Aydin"]
[Black "Petrova, Irina"]
[WhiteFideId "13413937"]
[BlackFideId "14124122"]
[WhiteElo "2529"]
[BlackElo "1988"]
[Result "1-0"]
[Round "08"]
[TimeControl "180+1"]
[Date "2022.03.01"]
[WhiteClock "0:00:21"]
[BlackClock "0:00:11"]

1. e4 d6 2. Nf3 Nf6 3. Nc3 e5 4. d4 exd4 5. Nxd4 Be7 6. Be2 O-O 7. g4 Re8 8. g5 Nfd7 9. h4 Bf8 10. Be3 Nc6 11. Qd2 Nxd4 12. Qxd4 c5 13. Qd2 Ne5 14. O-O-O Bg4 15. f4 Bxe2 16. Qxe2 Nd7 17. h5 b5 18. Qxb5 Rb8 19. Qa6 Rb6 20. Qa3 Qc8 21. g6 fxg6 22. hxg6 h6 23. Nd5 Ra6 24. Qc3 Rxe4 25. Qd3 Re8 26. Qf5 Nf6 27. Nxf6+ gxf6 28. Qxc8 Rxc8 29. f5 Rxa2 30. Kb1 Ra4 31. Bxh6 Bxh6 32. Rxh6 Rf4 33. Rdh1 Rxf5 34. Rh8+ Kg7 35. Rxc8 Kxg6 36. Rhh8 Rf1+ 37. Ka2 Kf5 38. Rhf8 1-0


[Site "https://www.chess.com"]

[Event "Titled Tuesday Blitz March 01 Early 2022"]
[White "Szpar, Milosz"]
[Black "Kamsky, Gata"]
[WhiteFideId "1184989"]
[BlackFideId "2000024"]
[WhiteElo "2447"]
[BlackElo "2645"]
[Result "1-0"]
[Round "08"]
[TimeControl "180+1"]
[Date "2022.03.01"]
[WhiteClock "0:00:23"]
[BlackClock "0:00:04"]

1. e4 c5 2. Nf3 e6 3. d4 cxd4 4. Nxd4 a6 5. Bd3 Bc5 6. Nb3 Ba7 7. Qe2 d6 8. Be3 Nc6 9. Nc3 Nge7 10. O-O-O b5 11. f4 b4 12. Na4 O-O 13. Bxa7 Rxa7 14. e5 d5 15. Qf2 a5 16. Nbc5 f6 17. exf6 Rxf6 18. Qe3 Qc7 19. g3 Ra8 20. Rhe1 Rb8 21. Kb1 Nd8 22. Re2 Nf7 23. Rde1 Qd6 24. Rf2 Nh6 25. h3 Nhf5 26. Qf3 Rf8 27. g4 Nh4 28. Qe3 Neg6 29. Ref1 Bd7 30. Nxd7 Qxd7 31. Nc5 Qa7 32. Qxe6+ Kh8 33. Qxd5 Rbd8 34. Qh5 Rde8 35. b3 a4 36. Nxa4 Qd4 37. Qc5 Qe3 38. Qxe3 Rxe3 39. Nb6 Ne7 40. Re2 Rxe2 41. Bxe2 Rb8 42. Nc4 Nd5 43. Bd3 g6 44. f5 Kg7 45. Kb2 g5 46. Re1 Nf4 47. Re7+ Kf6 48. Rxh7 Nxh3 49. Rh6+ Kg7 50. Rd6 Nf2 51. f6+ Kf8 52. Ne5 Nxd3+ 53. cxd3 Re8 54. d4 Ng2 55. Rd7 1-0


[Site "https://www.chess.com"]

[Event "Titled Tuesday Blitz March 01 Early 2022"]
[White "Tanenbaum, Zachary"]
[Black "Alfaro, William"]
[WhiteFideId "2060850"]
[BlackFideId "6100457"]
[WhiteElo "2168"]
[BlackElo "2066"]
[Result "1-0"]
[Round "08"]
[TimeControl "180+1"]
[Date "2022.03.01"]
[WhiteClock "0:02:20"]
[BlackClock "0:01:41"]

1. e4 c5 2. Nf3 Nc6 3. Nc3 g6 4. d4 cxd4 5. Nxd4 Bg7 6. Be3 Nf6 7. Bc4 O-O 8. Bb3 Ng4 9. Qxg4 Nxd4 10. Qd1 Ne6 11. h4 h6 12. Qd2 d6 13. Bxh6 Bd7 14. h5 Bxh6 15. Qxh6 g5 16. Bxe6 Bxe6 17. Qxg5+ Kh8 18. Qh6+ Kg8 19. O-O-O Rc8 20. Rd3 Bg4 21. Rg3 Qd7 22. Rh4 f5 23. exf5 Qxf5 24. Rhxg4+ Kf7 25. Rf4 Ke8 26. Rxf5 Rxf5 27. Qe6 1-0


[Site "https://www.chess.com"]